 Dungeon Crawl Stone Soup version 0.28.0-53-g5a82cb258f (webtiles) character file.

Game seed: 14154373448686757258

394 bnorton916 the Magician (level 6, -1/32 HPs)
             Began as a Deep Elf Fire Elementalist on May 21, 2022.
             Was an Initiate of Gozag.
             Asphyxiated
             ... in a sewer.
             The game lasted 00:06:48 (7726 turns).

bnorton916 the Magician (DEFE)                      Turns: 7726, Time: 00:06:49

Health: -1/32      AC:  3    Str: 11    XL:     6   Next: 51%
Magic:  24/25      EV: 12    Int: 22    God:    Gozag
Gold:   357        SH:  0    Dex: 15    Spells: 15/16 levels left

rFire   . . .      SeeInvis .   k - +7 dagger of Bodily Harmony {flame, Will++}
rCold   . . .      Faith    .   (no shield)
rNeg    . . .      Spirit   .   a - +0 robe
rPois   .          Reflect  .   d - +0 helmet
rElec   .          Harm     .   (no cloak)
rCorr   .          Rampage  .   (no gloves)
Will    ++...                   (no boots)
Stlth   +.........              (no amulet)
HPRegen 0.10/turn               e - +6 ring of strength
MPRegen 0.19/turn               h - ring of magical power

@: mighty, lethally poisoned (-1 -> -24), slowed, very slow
A: no striking features
a: Renounce Religion, Potion Petition, Call Merchant, Bribe Branch


You were in a sewer.
You worshipped Gozag.
Gozag was aware of your devotion.
You visited 1 branch of the dungeon, and saw 4 of its levels.
You also visited: Sewer.

You collected 392 gold pieces.
You paid 35 gold pieces to Gozag.

Inventory:

Hand Weapons
 f - a +0 dagger of venom
 k - the +7 dagger of Bodily Harmony (weapon) {flame, Will++}
   (You found it on level 2 of the Dungeon)

   It burns those it strikes, dealing additional fire damage.
   Will:      It greatly increases your willpower.
 l - a +0 dagger of venom
 u - a +0 hand crossbow
Missiles
 v - 13 bolts
Armour
 a - a +0 robe (worn)
 d - a +0 helmet (worn)
Magical Staves
 j - a staff of poison
Jewellery
 e - a +6 ring of strength (left hand)
 h - a ring of magical power (right hand)
 q - a ring of protection from fire
 t - a +4 ring of evasion
Scrolls
 g - a scroll of magic mapping
 i - 3 scrolls of fear
 n - a scroll of fog {unknown}
 p - 2 scrolls of summoning {unknown}
 s - a scroll of enchant armour
Potions
 b - 2 potions of might
 c - 2 potions of degeneration
 m - 3 potions of mutation
 o - a potion of haste
 r - a potion of resistance {unknown}


   Skills:
 - Level 2.4 Dodging
 - Level 2.4 Stealth
 + Level 5.9 Spellcasting
 + Level 4.2 Conjurations
 + Level 5.4 Fire Magic


You had 15 spell levels left.
You knew the following spells:

 Your Spells              Type           Power      Damage    Failure   Level
a - Foxfire               Conj/Fire      100%       2x1d9     1%          1

Your spell library contained the following spells:

 Spells                   Type           Power      Damage    Failure   Level
 Scorch                   Fire           60%        2d8       1%          2
 Conjure Flame            Conj/Fire      27%        6-21      3%          3
 Inner Flame              Hex/Fire       18%        N/A       9%          3
 Flame Wave               Conj/Fire      27%        2d7       13%         4


Dungeon Overview and Level Annotations

Branches:
Dungeon (4/15)              Sewer (1/1)
 Temple: D:4-7

Altars:
Gozag

Shops:
D:1 *


Message History

You now have 357 gold pieces (gained 9).
You enter the shallow water.
Moving in this stuff is going to be slow.
Found a gate leading back out of this place.
You enter the shallow water.
Moving in this stuff is going to be slow.
You enter the shallow water.
Moving in this stuff is going to be slow.
A kobold brigand comes into view.
It is wielding a +0 short sword and quivering curare-tipped darts.
The kobold brigand shouts!
Casting: Foxfire (safe; 1% risk of failure)
Confirm with . or Enter, or press ? or * to list all spells.
You conjure some foxfire!
The foxfire hits the kobold brigand!
The kobold brigand is moderately wounded.
Your foxfire dissipates!
Casting: Foxfire (safe; 1% risk of failure)
Confirm with . or Enter, or press ? or * to list all spells.
You conjure some foxfire!
The kobold brigand throws a curare-tipped dart.
The curare-tipped dart hits you.
You are poisoned.
You have difficulty breathing.
You feel yourself slow down.
You feel very sick.
The kobold brigand throws a curare-tipped dart.
The curare-tipped dart hits you.
You are more poisoned.
You have difficulty breathing.
* * * LOW HITPOINT WARNING * * *
You feel as though you will be slow longer.
It was a potion of might.
You feel very mighty all of a sudden.
* * * LOW HITPOINT WARNING * * *
You feel very sick.
The kobold brigand throws a curare-tipped dart.
The curare-tipped dart hits you.
You are more poisoned.
You have difficulty breathing.
You die...
Your body crumbles into a pile of gold.

#.≈≈..#####...≈.# ##≈).##
##.≈≈## ##)## ##≈## #≈#
#≈# #≈# #≈# ##≈## ##≈##
### ##...## ##≈..## ≈..##
#.....#####≈..≈v####§≈≈..#
≈....≈≈≈≈≈≈≈≈∩≈v@≈K≈§≈.≈.#
#..≈..#####≈....####.....#
##≈≈≈## ##.≈.## ≈≈.##
##≈## ##≈## ≈## #≈# #≈# #
#≈# ≈≈# #≈# ##≈# ##≈## #≈
##.≈≈##


You could see a kobold brigand (ally target).

Vanquished Creatures
  A sky beast (D:3)
  An orc priest (D:3)
  A centaur skeleton (D:4)
  Jessica (D:3)
  2 orc wizards (D:3)
  A gnoll (D:2)
  5 adders
  A river rat (Sewer)
  2 worms
  12 orcs
  3 bats (D:2)
  2 endoplasms
  2 giant cockroaches
  6 goblins
  9 hobgoblins
  4 jackals (D:1)
  6 quokkas
  11 ball pythons
  3 frilled lizards
  13 kobolds
  6 rats
92 creatures vanquished.

Vanquished Creatures (collateral kills)
  13 foxfires
13 creatures vanquished.

Vanquished Creatures (others)
  371 foxfires
  7 plants
378 creatures vanquished.

Grand Total: 483 creatures vanquished

Notes
Turn   | Place    | Note
-------+----------+-------------------------------------------
     0 | D:1      | bnorton916 the Deep Elf Fire Elementalist began the quest
                  | for the Orb.
     0 | D:1      | Reached XP level 1. HP: 10/10 MP: 6/6
   356 | D:1      | Found a faded altar of an unknown god.
   686 | D:1      | Found Dolastah's Assorted Antiques.
   903 | D:1      | Reached XP level 2. HP: 15/15 MP: 6/8
  2450 | D:2      | Reached XP level 3. HP: 19/19 MP: 10/10
  2551 | D:2      | Identified the +7 dagger of Bodily Harmony {flame, Will++}
  3240 | D:2      | Reached XP level 4. HP: 24/24 MP: 12/12
  4244 | D:3      | Found an opulent altar of Gozag.
  4257 | D:3      | Became a worshipper of Gozag Ym Sagoz the Greedy
  4925 | D:3      | Reached XP level 5. HP: 28/28 MP: 14/14
  5224 | D:3      | Noticed Jessica
  5230 | D:3      | Killed Jessica
  5231 | D:3      | Reached skill level 5 in Spellcasting
  5446 | D:3      | Noticed a sky beast
  5465 | D:3      | Killed a sky beast
  5466 | D:3      | Reached skill level 5 in Fire Magic
  5466 | D:3      | Reached XP level 6. HP: 5/32 MP: 16/16
  6734 | D:4      | Found a glowing drain.
  6744 | Sewer    | Entered a sewer
  7726 | Sewer    | Asphyxiated

Illustrated notes

Levels and vault maps discovered:
D:1:      wander_arrival_fairy_ring, layout_loops_corners,
          basic_ecumenical_altar, serial_shops, nicolae_shop_overgrown_old_shop,
          minmay_misc_feat_x
D:2:      minmay_recursive_quarters, layout_basic, ebering_dispersal_statue_hall
D:3:      layout_basic, mainiacjoe_overflow_chevrons, uniq_jessica
D:4:      layout_basic, portal_sewer_entry_d
Sewer:    sewer_co_15_rooms

Skill      XL: |  1  2  3  4  5  6 |
---------------+-------------------+-----
Conjurations   | 2 3 4 |  4.2
Spellcasting   | 4 5 |  5.9
Fire Magic     | 4 5 |  5.4
Dodging        | |  2.4
Stealth        | |  2.4

Action                   |  1- 3 |  4- 6 || total
-------------------------+-------+-------++-------
Melee: Unarmed           |     3 |       ||     3
       Dagger            |     1 |    15 ||    16
       Punch             |       |     1 ||     1
 Cast: Foxfire           |   115 |   126 ||   241
  Use: Scroll            |       |     7 ||     7
       Potion            |       |     1 ||     1
Armor: Robe              |     9 |    17 ||    26
Dodge: Dodged            |    41 |    25 ||    66
